 Dungeon Crawl Stone Soup version 0.31.0-11-ge490571c62 (webtiles) character file.

Game seed: 7357829482482746663

244 Killerpretzel the Changeling (level 6, 0/41 HPs)
             Began as an Octopode Shapeshifter on Feb 9, 2024.
             Slain by an orc wizard
             ... wielding a +0 dagger
              (1 damage)
             ... on level 4 of the Dungeon.
             The game lasted 00:05:50 (2896 turns).

Killerpretzel the Changeling (OpSh)                 Turns: 2896, Time: 00:05:50

Health: 0/41       AC:  1    Str: 13    XL:     6   Next: 10%
Magic:  6/6        EV: 13    Int: 12    God:
Gold:   163        SH:  7    Dex: 14    Spells: 5/5 levels left

rFire   . .          .
                       - Unarmed
rCold   . . .        k - +3 buckler
rNeg    . . .        (helmet currently unavailable)
rPois   .            (no amulet)
rElec   .            (no ring)
rCorr   .            (no ring)
SInv    .            (no ring)
Will    .....        (no ring)
Stlth   ++           (no ring)
HPRegen 0.26/turn    (no ring)
MPRegen 0.10/turn    (no ring)
                     (no ring)

%: no passive effects
@: beast-form
A: beast (slay +2), almost no armour, amphibious, 8 rings, camouflage 1,
gelatinous body 1, (nimble swimmer 1), tentacles
a: Begin Untransformation


You were on level 4 of the Dungeon.
You were a hulking beast.
You visited 1 branch of the dungeon, and saw 5 of its levels.

You collected 163 gold pieces.

Inventory:

Hand Weapons
 n - a +3 dagger of venom
Armour
 k - a +3 buckler (worn)
Talismans
 b - a beast talisman
 c - a flux talisman
Scrolls
 e - 2 scrolls of poison
 h - 3 scrolls of fear {unknown}
Potions
 a - a potion of lignification
 d - 2 potions of heal wounds
 f - a potion of enlightenment {unknown}
 g - a potion of haste {unknown}
 j - a potion of might {unknown}


   Skills:
 + Level 2.5 Fighting
 + Level 3.1 Dodging
 + Level 1.4 Shields
 + Level 3.9 Unarmed Combat
 * Level 4.3 Shapeshifting


You had 5 spell levels left.
You didn't know any spells.
Your spell library contained the following spells:

 Spells                   Type           Power      Damage    Failure   Level
 Tukima's Dance           Hex            0%         N/A       80%         3
 Dimensional Bullseye     Hex/Tloc       0%         N/A       99%         4
 Iskenderun's Mystic Bla  Conj/Tloc      0%         2d3       99%         4


Dungeon Overview and Level Annotations

Branches:
Dungeon (5/15)
 Temple: D:4-7

Altars:
Uskayaw

Annotations:
D:4 exclusion: lemure, Grinder


Innate Abilities, Weirdness & Mutations

You are a hulking beast.
Your limbs bulge with bestial killing power. (Slay +2)
You cannot wear most types of armour.
You are amphibious.
You can wear up to eight rings at the same time.
Your skin changes colour to match your surroundings (Stealth+).
Your rubbery body absorbs attacks. (AC +1, EV +1)
((You are camouflaged when in or above water. (Stealth+)))
You have tentacles for arms and can constrict up to eight enemies at once.


Message History

The orc attacks as it pursues you! The orc hits you with a +0 hand axe.
The orc wizard casts a spell.
The orc wizard flickers and vanishes!
Deactivating autopickup; reactivate with Ctrl-A.
The orc attacks as it pursues you! The orc misses you.
You tentacle-slap the orc. You grab the orc. You squeeze the orc.
You kill the orc!
The orc closely misses you.
You tentacle-slap the orc. You grab the orc.
The orc is heavily wounded.
You constrict the orc. You block the orc's attack.
You bludgeon the orc!
You kill the orc!
You closely miss something. Something hits you.
You barely miss something. Something hits you.
You tentacle-slap something but do no damage.
Something hits you.
You tentacle-slap something. Something barely misses you.
You barely miss something. Something hits you.
You miss something.
You hear some strange, mumbled words.
A puff of flame appears from out of thin air!
You block the puff of flame.
The orc priest mumbles some strange prayers to Beogh against you.
Beogh smites you!
* * * LOW HITPOINT WARNING * * *
You tentacle-slap something. Your squeeze misses something. Something hits you.
* * * LOW HITPOINT WARNING * * *
The orc priest invokes the aid of Beogh against you.
Something writhes in agony!
You tentacle-slap something but do no damage.
Your squeeze misses something. Something barely misses you.
The orc priest mumbles some strange prayers to Beogh against you.
You tentacle-slap something but do no damage.
Something hits you.
* * * LOW HITPOINT WARNING * * *
The orc priest invokes the aid of Beogh against you.
Something writhes in agony.
You miss something. Something hits you.
You die...

#.######.# #...#....#
#.#.#.##.# #.#.#.##.###
#.#.#......# ##
#####.#.####.#.##.<.
#........)...#.##..#
#.......######.##..#
#.......# #h##..###
#.......#### #{# .o..
#####......###o###.##
#........#o...o.#
#......#........#
#......#........# #
#######......#........##.#
.[.............>.........#.##
########........#.###........


You could see an orc priest and an orc.

Vanquished Creatures
  A hound (D:3)
  An orc priest (D:4)
  2 orc wizards (D:4)
  A gnoll (D:1)
  5 adders
  A ribbon worm (D:2)
  8 orcs (D:4)
  7 endoplasms
  4 giant cockroaches
  4 goblins
  9 hobgoblins
  2 jackals (D:4)
  2 quokkas
  6 ball pythons
  5 frilled lizards
  7 kobolds
  6 rats
71 creatures vanquished.

Notes
Turn   | Place    | Note
-------+----------+-------------------------------------------
     0 | D:1      | Killerpretzel the Octopode Shapeshifter began the quest for
                  | the Orb.
     0 | D:1      | Reached XP level 1. HP: 13/13 MP: 1/1
   105 | D:1      | Reached XP level 2. HP: 6/18 MP: 2/2
   576 | D:1      | Reached XP level 3. HP: 23/23 MP: 3/3
  1182 | D:2      | Found a hide-covered altar of Uskayaw.
  2125 | D:3      | Reached XP level 4. HP: 27/29 MP: 4/4
  2353 | D:3      | You fall into a shaft and drop 2 floors!
  2353 | D:5      | Entered Level 5 of the Dungeon
  2376 | D:5      | Found a hide-covered altar of Uskayaw.
  2528 | D:4      | Reached XP level 5. HP: 34/34 MP: 5/5
  2559 | D:4      | Noticed a lemure
  2559 | D:4      | Noticed a lemure
  2573 | D:4      | Reached skill level 4 in Shapeshifting
  2580 | D:4      | Reached skill level 1 in Shields
  2704 | D:4      | Reached XP level 6. HP: 13/41 MP: 6/6
  2864 | D:4      | Noticed Grinder
  2895 | D:4      | HP: 1/41 [something (5)]
  2896 | D:4      | Slain by an orc wizard

Illustrated notes

Levels and vault maps discovered:
D:1:      spicycebolla_arrival_ecumenical, layout_basic
D:2:      layout_basic, basic_altar, st_stairs_10
D:3:      layout_basic, mainiacjoe_overflow_alcove_4,
          beargit_hepliaklqana_dungeon_heroes, fedhas_altar_1,
          nicolae_twisty_statue_hallways
D:4:      layout_basic, uniq_pikel, uniq_grinder
D:5:      gammafunk_cloud_chamber, layout_loops_ring, overflow_temple_1_default,
          kennysheep_mini_moat, minmay_temple_entry_waves,
          roderic_roman_lattice, uniq_prince_ribbit1

Skill      XL: |  1  2  3  4  5 |
---------------+----------------+-----
Fighting       | 2 |  2.5
Shapeshifting  | 4 |  4.3
Shields        | 1 |  1.4
Dodging        | 3 |  3.1
Unarmed Combat | |  3.9

Action                     |  1- 3 |  4- 6 || total
---------------------------+-------+-------++-------
  Melee: Unarmed           |    70 |    88 ||   158
         Constrict         |    20 |    22 ||    42
         Tentacles         |    15 |    13 ||    28
         Punch             |     5 |     3 ||     8
    Use: Scroll            |     6 |       ||     6
   Stab: Sleeping          |     7 |     4 ||    11
         Distracted        |     1 |       ||     1
 Armour: Skin              |    17 |    27 ||    44
  Dodge: Dodged            |    31 |    35 ||    66
  Block: Buckler           |     4 |    26 ||    30
